 Dungeon Crawl Stone Soup version 0.27.1-1-g398f81649c (webtiles) character file.

Game seed: 13927967313208114941

41 chaosape the Sneak (level 3, -1/46 HPs)
             Began as a Gnoll Wanderer on Sept 13, 2021.
             Slain by a scorpion (7 damage)
             ... on level 2 of the Dungeon.
             The game lasted 00:04:12 (1997 turns).

chaosape the Sneak (Gnoll Wanderer)                 Turns: 1997, Time: 00:04:13

Health: -1/46      AC: 21    Str: 11    XL:     3   Next: 52%
Magic:  4/4        EV:  2    Int: 10    God:
Gold:   18         SH:  0    Dex: 13    Spells: 3/3 levels left

rFire    . . .     SeeInvis .   c - +0 spear
rCold    . . .     Faith    .   (no shield)
rNeg     + + +     Spirit   .   (armour currently unavailable)
rPois    +         Reflect  .   (helmet currently unavailable)
rElec    .         Harm     .   (cloak currently unavailable)
rCorr    .         Rampage  .   (gloves currently unavailable)
Will     .....     NoTele   +   (boots currently unavailable)
Stlth    +++.......             (no amulet)
HPRegen  0.15/turn              (no ring)
MPRegen  0.09/turn              (no ring)

@: tree-form
A: stationary, stasis, torment immunity, boosted hp, (fangs 1), strong nose,
distributed training
a: no special abilities


You were on level 2 of the Dungeon.
You were a tree.
You visited 1 branch of the dungeon, and saw 2 of its levels.

You collected 18 gold pieces.

Inventory:

Hand Weapons
 a - a +2 dagger
 c - a +0 spear (weapon)
Missiles
 j - 11 poisoned darts (quivered)
 m - 24 bolts
Armour
 e - a +0 robe
 i - a +0 leather armour
 k - a +0 ring mail (melded)
Scrolls
 b - a scroll of fear
 f - 2 scrolls of magic mapping {unknown}
 g - 2 scrolls of identify {unknown}
 h - a scroll of teleportation {unknown}
 l - a scroll of torment {unknown}
 o - a scroll of vulnerability {unknown}
Potions
 n - a potion of flight {unknown}


   Skills:
 + Level 4.5 Fighting
 + Level 0.8 Short Blades
 + Level 2.6 Long Blades
 + Level 0.8 Axes
 + Level 0.8 Maces & Flails
 + Level 2.6 Polearms
 + Level 0.8 Staves
 + Level 0.8 Slings
 + Level 0.8 Bows
 + Level 0.8 Crossbows
 + Level 0.8 Throwing
 + Level 0.8 Armour
 + Level 2.6 Dodging
 + Level 6.0 Stealth
 + Level 4.5 Shields
 + Level 0.8 Unarmed Combat
 + Level 0.8 Spellcasting
 + Level 0.5 Conjurations
 + Level 0.5 Hexes
 + Level 0.5 Summonings
 + Level 0.5 Necromancy
 + Level 0.5 Translocations
 + Level 0.5 Transmutations
 + Level 0.5 Fire Magic
 + Level 0.5 Ice Magic
 + Level 0.5 Air Magic
 + Level 0.5 Earth Magic
 + Level 0.5 Poison Magic
 + Level 1.0 Invocations
 + Level 0.8 Evocations


You had 3 spell levels left.
You didn't know any spells.
Your spell library was empty.

Dungeon Overview and Level Annotations

Branches:
Dungeon (2/15)

Altars:


Innate Abilities, Weirdness & Mutations

You are a tree.
Your roots penetrate the ground, keeping you stationary.
You cannot be teleported.
You are immune to unholy pain and torment.
Your maximum health is greatly increased.
Your equipment is partially melded.
((You have very sharp teeth.))
Your uncanny sense of smell can sniff out nearby items.
Your experience applies equally to all skills.


Message History

The scorpion stings you.
You hit the scorpion.
The scorpion is moderately wounded.
You feel sick. The scorpion closely misses you. The scorpion stings you.
Really quaff the potion of lignification?
You turn into a tree.
Your +0 ring mail melds into your body.
Your roots penetrate the ground.
You feel sick.
The scorpion stings you but does no damage.
You barely miss the scorpion.
The scorpion is moderately wounded.
You feel sick.
The scorpion stings you but does no damage.
You hit the scorpion.
The scorpion is heavily wounded.
You feel sick.
The scorpion stings you but does no damage.
You hit the scorpion but do no damage.
The scorpion is heavily wounded.
You feel sick.
The scorpion stings you but does no damage.
You closely miss the scorpion.
The scorpion is heavily wounded.
You feel sick. The scorpion stings you.
* * * LOW HITPOINT WARNING * * *
You hit the scorpion.
The scorpion is heavily wounded.
You feel sick.
The scorpion stings you but does no damage. x2
You closely miss the scorpion.
The scorpion is heavily wounded.
You feel sick.
You are no longer poisoned.
The scorpion stings you but does no damage.
You hit the scorpion but do no damage.
The scorpion is heavily wounded.
The scorpion stings you but does no damage.
You hit the scorpion but do no damage.
The scorpion is heavily wounded.
The scorpion stings you!
You die...

)........# #.# #.# ###.
...#b.# #.# #.#
..........# #.# #.#
###PP#.....##### #.# #.#
.....P.#...#...# #.# #.#
#......#.......# #.# #.#
#.P....'.....# #.# #.#
#...?..'...####### #.#
#.# #P.....#...s♣....#
#.# #.#
P....P.#.#.#####.... #.#
#.#
.######..#.###########.#
#.( ....#.............#
### ##################.#
#.# ###


You could see a scorpion.

Vanquished Creatures
  2 worms (D:2)
  3 ball pythons (D:1)
  6 endoplasms
  A giant cockroach (D:1)
  5 goblins
  3 hobgoblins (D:2)
  3 kobolds (D:1)
  2 quokkas
  2 bats (D:1)
  A frilled lizard (D:1)
  A rat (D:1)
29 creatures vanquished.

Vanquished Creatures (others)
  A plant (D:2)
1 creature vanquished.

Grand Total: 30 creatures vanquished

Notes
Turn   | Place    | Note
-------+----------+-------------------------------------------
     0 | D:1      | chaosape the Gnoll Wanderer began the quest for the Orb.
     0 | D:1      | chaosape set off with the following items: a +2 dagger, a
                  | scroll of fear, a +0 spear, a potion of lignification, a +0
                  | robe
     0 | D:1      | Reached XP level 1. HP: 20/20 MP: 1/1
   455 | D:1      | Reached XP level 2. HP: 22/26 MP: 2/2
  1114 | D:1      | Reached XP level 3. HP: 31/31 MP: 3/3
  1370 | D:2      | Reached skill level 6 in Stealth
  1529 | D:2      | Reached skill level 1 in Invocations
  1973 | D:2      | Noticed a scorpion
  1997 | D:2      | Slain by a scorpion

Illustrated notes

Levels and vault maps discovered:
D:1:      scummos_arrival_simple_fountains, layout_loops_ring,
          serial_park_tiny_2
D:2:      cheibrodos_old_hovel, layout_basic

Skill      XL: |  1  2  3 |
---------------+----------+-----
Stealth        | 6 |  6.0
Invocations    | 1 |  1.0
Fighting       | |  4.5
Short Blades   | |  0.8
Long Blades    | |  2.6
Axes           | |  0.8
Maces & Flails | |  0.8
Polearms       | |  2.6
Staves         | |  0.8
Slings         | |  0.8
Bows           | |  0.8
Crossbows      | |  0.8
Throwing       | |  0.8
Armour         | |  0.8
Dodging        | |  2.6
Shields        | |  4.5
Unarmed Combat | |  0.8
Spellcasting   | |  0.8
Conjurations   | |  0.5
Hexes          | |  0.5
Summonings     | |  0.5
Necromancy     | |  0.5
Translocations | |  0.5
Transmutations | |  0.5
Fire Magic     | |  0.5
Ice Magic      | |  0.5
Air Magic      | |  0.5
Earth Magic    | |  0.5
Poison Magic   | |  0.5
Evocations     | |  0.8

Action                   || total
-------------------------++-------
Melee: Dagger            ||    40
       Spear             ||    77
       Bite              ||     8
Throw: Dart              ||     5
  Use: Potion            ||     2
 Stab: Sleeping          ||    12
Armor: Leather armour    ||    10
       Skin              ||     9
       Ring mail         ||     6
Dodge: Dodged            ||    29
